 Dungeon Crawl Stone Soup version 0.26.1-12-g5ba1501909 (webtiles) character file.

Game seed: 12473968478191215240

2669 Zeld the Covert (level 9, -4/63 HPs)
             Began as an Octopode Brigand on Oct 29, 2021.
             Was a Believer of Fedhas.
             Slain by an ogre
             ... wielding a +0 giant spiked club
              (20 damage)
             ... on level 7 of the Dungeon.
             The game lasted 00:13:49 (9503 turns).

Zeld the Covert (Octopode Brigand)                  Turns: 9503, Time: 00:13:50

Health: -4/63      AC:  1    Str: 10    XL:     9   Next: 63%
Magic:  9/9        EV: 16    Int: 13    God:    Fedhas [**....]
Gold:   307        SH:  0    Dex: 17    Spells: 8/8 levels left

rFire    . . .     SeeInvis .   a - +1 dagger (venom)
rCold    . . .     Faith    .   (no shield)
rNeg     . . .     Spirit   .   v - +0 hat
rPois    .         Reflect  .   (no amulet)
rElec    .         Harm     .   (no ring)
rCorr    .         Rampage  .   (no ring)
Will     .....                  (no ring)
Stlth    +++++.....             (no ring)
HPRegen  0.20/turn              (no ring)
MPRegen  0.11/turn              (no ring)
                                (no ring)
                                (no ring)

@: no status effects
A: almost no armour, stealthy swim, amphibious, 8 rings, constrict 8, camouflage
1, gelatinous body 1
a: Renounce Religion, Wall of Briars


You were on level 7 of the Dungeon.
You worshipped Fedhas.
Fedhas was pleased with you.
You visited 2 branches of the dungeon, and saw 9 of its levels.
You also visited: Sewer and Ossuary.

You collected 355 gold pieces.
You spent 48 gold pieces at shops.

Inventory:

Hand Weapons
 a - a +1 dagger of venom (weapon)
 b - a +0 dagger of freezing
Missiles
 c - 2 curare-tipped darts
 o - 4 atropa-tipped darts
 u - 34 poisoned darts (quivered)
Armour
 v - a +0 hat (worn)
Jewellery
 x - an uncursed amulet of the acrobat {unknown}
Wands
 r - a wand of polymorph (6)
 t - a wand of acid (3)
Scrolls
 d - 5 scrolls of remove curse
 g - a scroll of identify
 l - 2 scrolls of immolation
 m - 10 scrolls of teleportation
 s - 2 scrolls of enchant weapon
 y - a scroll of random uselessness {unknown}
 A - 2 scrolls of amnesia {unknown}
Potions
 e - 7 potions of curing {unknown}
 f - 2 potions of degeneration {unknown}
 h - 2 potions of berserk rage {unknown}
 i - 4 potions of ambrosia {unknown}
 j - 7 potions of heal wounds {unknown}
 k - 2 potions of might {unknown}
 n - 4 potions of resistance {unknown}
 p - 3 potions of attraction {unknown}
 q - 2 potions of lignification {unknown}
 w - 2 potions of flight {unknown}
 z - a potion of haste {unknown}
 B - a potion of magic {unknown}


   Skills:
 * Level 6.9 Fighting
 * Level 7.0 Short Blades
 - Level 6.0 Throwing
 + Level 4.5 Dodging
 + Level 8.6 Stealth


You had 8 spell levels left.
You didn't know any spells.
Your spell library contained the following spells:

 Spells                   Type           Power        Failure   Level
 Sting                    Tmut/Pois      0%           30%         1
 Poisonous Vapours        Pois/Air       0%           43%         2
 Ignite Poison            Fire/Tmut/Pois 0%           67%         3
 Mephitic Cloud           Conj/Pois/Air  0%           67%         3
 Olgreb's Toxic Radiance  Pois           0%           97%         4


Dungeon Overview and Level Annotations

Branches:
Dungeon (8/15)             Temple (1/1) D:4           Sewer (visited)
Ossuary (visited)
   Lair: D:8-11

Altars:
Ashenzari
Cheibriados
Dithmenos
Elyvilon
Fedhas
Gozag
Hepliaklqana
Kikubaaqudgha
Makhleb
Nemelex Xobeh
Okawaru
Qazlal
Ru
Trog
Uskayaw
Vehumet
Wu Jian
Xom
Yredelemnul
Zin
The Shining One

Shops:
D:6 (


Innate Abilities, Weirdness & Mutations

You cannot wear most types of armour.
You are very stealthy in the water. (Stealth+)
You are amphibious.
You can wear up to eight rings at the same time.
You can use your tentacles to constrict eight enemies at once.
Your skin changes colour to match your surroundings (Stealth+).
Your rubbery body absorbs attacks. (AC +1, EV +1)


Message History

Things that are here:
a cursed -3 dagger; a +0 robe Key pressed, stopping explore.
You start resting.
An orc wizard comes into view. It is wielding a +0 dagger.
An orc wizard is nearby!
An orc wizard is nearby!
An orc wizard is nearby!
Items here: ) ? [ †.
You see here a +0 flail.
An orc wizard comes into view. It is wielding a +0 dagger.
An orc comes into view.
It is wielding a +0 flail of protection.
The orc wizard moves out of view.
An ogre comes into view. It is wielding a +0 giant spiked club.
The ogre shouts!
The ogre hits you with a +0 giant spiked club!!
* * * LOW HITPOINT WARNING * * *
The ogre hits you with a +0 giant spiked club!!
You die...
Fedhas appreciates your contribution to the ecosystem.

..........# *,,**,,,,,*,
*#........# **,********,
##........# ###########.,,,,,*
*,
.....####)###..........,,,,,,*
*, .o...##
#............#,,,,,,,* *,
.≈≈≈..###............#,,,,,,,*
*,
.≈≈)..)).............#,**,****
*,
...≈...###.......O...#>,,,**
*,
.....#..........@....#,,,,,*
*,
#....######..........#,,,,,*
*,
#.##........#.########,,,,,**
*, #.*##......(..#
*,***,,****, #.**#.#####.###
*,,,,,,,,,,, ..,,#.#.....#
************ #.#.#.#.#########
######,*,*,*,*
*,#.#.#.##......#
#....#+#+#+#+*
#,#.#.#....####.#
#....#,+...+,*


You could see an ogre.

Vanquished Creatures
  Pikel (D:5)
  An ice beast (D:7)
  An orc warrior (D:6)
  A phantom (D:6)
  3 ogres
  2 centaurs (D:7)
  3 lemures
  2 elf zombies
  A bullfrog (D:5)
  An elf skeleton (D:7)
  A scorpion (D:5)
  3 howler monkeys
  2 orc priests
  A centaur zombie (D:7)
  A jelly (D:5)
  A bullfrog skeleton (D:5)
  2 human zombies (Ossuary)
  5 orc wizards
  A gnoll shaman (D:6)
  3 hounds
  4 iguanas
  A worker ant (D:3)
  A big kobold zombie (Ossuary)
  3 hound skeletons
  A hound zombie (D:6)
  2 mummies (Ossuary)
  A worker ant zombie (D:5)
  7 gnolls
  9 adders
  A river rat (D:6)
  3 shadow imps (D:6)
  6 oozes
  2 adder zombies (D:5)
  An adder skeleton (D:6)
  12 worms
  2 dart slugs
  8 leopard geckos
  12 orcs
  4 ball pythons
  5 giant cockroaches
  6 goblins
  7 hobgoblins
  8 jackals
  4 quokkas
  10 bats
  5 frilled lizards
  A giant cockroach zombie (D:5)
  11 hobgoblin zombies (Ossuary)
  2 jackal skeletons (D:5)
  3 jackal zombies (Ossuary)
  13 kobolds
  8 kobold zombies (Ossuary)
  9 orc zombies (Ossuary)
  2 quokka skeletons
  9 rats
  2 rat zombies (Ossuary)
221 creatures vanquished.

Vanquished Creatures (others)
  A human (D:3)
  42 plants (D:8)
43 creatures vanquished.

Grand Total: 264 creatures vanquished

Notes
Turn   | Place    | Note
-------+----------+-------------------------------------------
     0 | D:1      | Zeld the Octopode Brigand began the quest for the Orb.
     0 | D:1      | Reached XP level 1. HP: 14/14 MP: 1/1
   291 | D:1      | Reached XP level 2. HP: 19/19 MP: 2/2
   694 | D:1      | Reached XP level 3. HP: 13/25 MP: 3/3
  1068 | D:2      | Found a radiant altar of Vehumet.
  1512 | D:2      | Reached XP level 4. HP: 30/30 MP: 4/4
  2179 | D:3      | Found a stormy altar of Qazlal.
  2201 | D:3      | Reached XP level 5. HP: 23/36 MP: 5/5
  2575 | D:3      | Found an ancient bone altar of Kikubaaqudgha.
  2576 | D:3      | Noticed a human
  2579 | D:3      | Killed a human
  2910 | D:4      | Found a staircase to the Ecumenical Temple.
  2912 | D:4      | Reached skill level 6 in Stealth
  2925 | D:4      | Reached XP level 6. HP: 40/42 MP: 6/6
  2931 | Temple   | Entered the Ecumenical Temple
  3552 | D:4      | HP: 1/43 [gnoll/+0 halberd (9)]
  4207 | D:5      | Entered Level 5 of the Dungeon
  4207 | D:5      | Noticed Pikel
  4463 | D:5      | Killed Pikel
  4464 | D:5      | Reached XP level 7. HP: 17/49 MP: 7/7
  4464 | D:5      | Reached XP level 8. HP: 19/54 MP: 8/8
  4770 | D:5      | Reached skill level 7 in Stealth
  4988 | D:5      | Reached skill level 5 in Short Blades
  4994 | D:5      | Reached skill level 5 in Throwing
  5012 | D:5      | Found a glowing golden altar of the Shining One.
  5092 | D:5      | Reached skill level 5 in Fighting
  6091 | D:6      | Found a glowing drain.
  6095 | Sewer    | Entered a sewer
  6638 | D:6      | Found Goufruso's Weapon Emporium.
  6643 | D:6      | Found a white marble altar of Elyvilon.
  6668 | D:6      | Bought 11 poisoned darts for 48 gold pieces
  6699 | D:6      | Reached XP level 9. HP: 35/62 MP: 9/9
  6941 | D:6      | Found a sacrificial altar of Ru.
  6979 | D:6      | Found a blossoming altar of Fedhas.
  6980 | D:6      | Found an ornate altar of the Wu Jian Council.
  6984 | D:6      | Found a shadowy altar of Dithmenos.
  6988 | D:6      | Became a worshipper of Fedhas Madash
  7609 | D:6      | Found a broken altar of Ashenzari.
  7697 | D:7      | Reached skill level 8 in Stealth
  7767 | D:7      | HP: 1/62 [iguana (5)]
  8353 | D:7      | Found a sand-covered staircase.
  8371 | Ossuary  | Entered an ossuary
  8640 | Ossuary  | Reached * piety under Fedhas
  9383 | D:7      | Reached ** piety under Fedhas
  9503 | D:7      | Slain by an ogre

Illustrated notes

Levels and vault maps discovered:
D:1:      saegor_arrival_simple_b, layout_rooms
D:2:      layout_basic, vehumet_crystals, minmay_pentomino_v2
D:3:      layout_loops_ring, old_standard_altar, tgw_kikubaaqudgha
D:4:      layout_rooms, minmay_temple_entry_overgrown, cheibrodos_gnoll_hut
D:5:      layout_cave_pools, nicolae_tso_carved_into_rock, uniq_pikel
D:6:      layout_rooms, general_overflow_altar, kennysheep_little_box,
          minitemple, gup_sewer_entry_spiral, serial_shops, kennysheep_mini,
          nicolae_ru_path_of_blood
D:7:      layout_basic, serial_rivers, chequers_serial_rivers_room_b,
          chequers_serial_rivers_micro_c, chequers_serial_rivers_micro_e,
          chequers_serial_rivers_micro_c, nicolae_ossuary_entry_catacombs,
          grunt_ministairs_11
D:8:      layout_basic, david_lair_shrubbed, minmay_sticks_and_stones,
          uniq_erica, uniq_psyche
Temple:   dshaligram_water_room_temple

Skill      XL: |  1  2  3  4  5  6  7  8  9 |
---------------+----------------------------+-----
Throwing       | 3 4 5 6 |  6.0
Short Blades   | 3 4 5 7 |  7.0
Fighting       | 3 4 5 6 |  6.9
Stealth        | 6 7 8 |  8.6
Dodging        | 2 3 4 |  4.5

Action                   |  1- 3 |  4- 6 |  7- 9 || total
-------------------------+-------+-------+-------++-------
Melee: Dagger            |    64 |   138 |   413 ||   615
       Tentacles         |    12 |    25 |   116 ||   153
       Constrict         |    16 |    34 |    87 ||   137
Evoke: Wand              |       |       |     6 ||     6
  Use: Scroll            |       |       |     8 ||     8
 Stab: Sleeping          |    11 |    21 |    25 ||    57
       Distracted        |       |     1 |     1 ||     2
Armor: Skin              |     6 |     7 |     8 ||    21
Dodge: Dodged            |    46 |    93 |   221 ||   360
